 Dungeon Crawl Stone Soup version 0.31-a0-233-g139696dc86 (webtiles) character file.

Game seed: 17310035868131229153

70 qw the Shooter (level 4, -7/26 HPs)
             Began as a Gargoyle Hexslinger on July 8, 2023.
             Mangled by Terence
             ... wielding a +1 flail of holy wrath
              (12 damage)
             ... on level 2 of the Dungeon.
             The game lasted 00:00:27 (1354 turns).

qw the Shooter (Gargoyle Hexslinger)                Turns: 1354, Time: 00:00:27

Health: -7/26      AC:  5    Str: 12    XL:     4   Next: 21%
Magic:  0/5        EV: 12    Int: 13    God:
Gold:   28         SH:  0    Dex: 14    Spells: 4/5 levels left

rFire   . . .        Y - +1 sling
rCold   . . .        (no shield)
rNeg    + . .        c - +0 robe
rPois   inf          (no helmet)
rElec   +            (no cloak)
rCorr   .            (no gloves)
SInv    .            (no boots)
Will    .....        i - amulet of guardian spirit
Stlth   +            (no ring)
HPRegen 0.24/turn    (no ring)
MPRegen 0.09/turn

%: guardian spirit
@: no status effects
A: sickness immunity, AC +3, negative energy resistance 1, electricity
resistance, torment resistance 1, petrification resistance
a: no special abilities


You were on level 2 of the Dungeon.
You visited 1 branch of the dungeon, and saw 2 of its levels.

You collected 28 gold pieces.


Innate Abilities, Weirdness & Mutations

You are immune to sickness and miasma.
Your stone body is resilient. (AC +3)
You are immune to poison.
You resist negative energy. (rN+)
You are resistant to electric shocks. (rElec)
You are resistant to unholy torment.
You are immune to petrification.


   Skills:
 - Level 2.1 Fighting
 + Level 4.0 Ranged Weapons
 - Level 1.5 Dodging
 - Level 1.0 Spellcasting
 - Level 2.6 Hexes


You had 4 spell levels left.
You knew the following spells:

 Your Spells              Type           Power      Damage    Failure   Level
a - Slow                  Hex            28%        N/A       10%         1

Your spell library contained the following spells:

 Spells                   Type           Power      Damage    Failure   Level
 Inner Flame              Hex/Fire       4%         N/A       43%         3
 Portal Projectile        Hex/Tloc       8%         N/A       43%         3
 Cause Fear               Hex            3%         N/A       67%         4

Inventory:

Hand Weapons
 Y - a +1 sling (weapon)
Armour
 a - the +1 robe "Dueplae" {rF++}
   (You found it on level 2 of the Dungeon)

   rF:        It greatly protects you from fire.
 c - a +0 robe (worn)
Jewellery
 i - an amulet of guardian spirit (around neck)
Scrolls
 b - a scroll of revelation {unknown}
Potions
 d - 3 potions of curing
 e - a potion of haste
 f - a potion of magic {unknown}
 g - a potion of invisibility {unknown}

Dungeon Overview and Level Annotations

Branches:
Dungeon (2/15)

Altars:

Annotations:
D:2 Terence


Message History

Terence is moderately wounded.
You shoot a sling bullet. The sling bullet barely misses Terence.
Terence hits you with a +1 flail of holy wrath.
Terence misses you.
You shoot a sling bullet. The sling bullet hits Terence.
Terence is heavily wounded.
Terence hits you with a +1 flail of holy wrath!
You shoot a sling bullet.
The sling bullet completely misses Terence.
Terence hits you with a +1 flail of holy wrath!
Terence hits you with a +1 flail of holy wrath.
You shoot a sling bullet.
The sling bullet closely misses Terence.
Terence hits you with a +1 flail of holy wrath!
Terence closely misses you.
1349 ||| DRINKING potion of heal wounds.
You feel much better. Terence hits you but does no damage.
Terence hits you with a +1 flail of holy wrath!
You shoot a sling bullet. The sling bullet hits Terence.
Terence is heavily wounded.
Terence barely misses you.
You shoot a sling bullet. The sling bullet hits Terence.
Terence is heavily wounded.
Terence barely misses you. x2
You shoot a sling bullet.
The sling bullet closely misses Terence.
Terence closely misses you. Terence screams, "I want your blood!"
Terence barely misses you.
You shoot a sling bullet.
The sling bullet hits Terence but does no damage.
Terence is heavily wounded.
Terence hits you with a +1 flail of holy wrath.
Terence completely misses you.
You shoot a sling bullet. The sling bullet hits Terence.
Terence is severely wounded.
Terence closely misses you.
Terence hits you with a +1 flail of holy wrath!
You die...

#...#.#######.#
#...#.##......#
#...#.##.#########
....#.##.# ..# .(..#....#
#.# ....###### #.# ....#
#.#####.# #...# #.......##
....# #...@@.### .#'##
#.....#....#
.#.#######........#.###
.#...#................#
.###.#.####..#####..#.# .#
#........##...##...# .#
###......#.....#...## .#
#..%...#.....#....###
.#####......#..).?#..#...#


You could see Terence (fast).

Vanquished Creatures
  Jessica (D:2)
  2 adders (D:2)
  A worm (D:2)
  A dart slug (D:1)
  An endoplasm (D:2)
  3 goblins (D:1)
  3 hobgoblins
  2 quokkas (D:2)
  2 ball pythons
  3 bats
  2 frilled lizards
  A kobold (D:2)
  A rat (D:2)
23 creatures vanquished.

Notes
Turn   | Place    | Note
-------+----------+-------------------------------------------
     0 | D:1      | qw the Gargoyle Hexslinger began the quest for the Orb.
     0 | D:1      | Reached XP level 1. HP: 12/12 MP: 2/2
     0 | D:1      | 0 ||| qw: Version: 0.3-a-46-gb1f654a
     0 | D:1      | 0 ||| qw: Game counter: 3468
     0 | D:1      | 0 ||| qw: Melee chars always use a shield: true
     0 | D:1      | 0 ||| qw: God list: Okawaru
     0 | D:1      | 0 ||| qw: Allow faded altars: false
     0 | D:1      | 0 ||| qw: Do Orc after clearing Dungeon:15 true
     0 | D:1      | 0 ||| qw: Do second Lair branch before Depths: true
     0 | D:1      | 0 ||| qw: Lair rune preference: random
     0 | D:1      | 0 ||| qw: Goals: Normal
     0 | D:1      | 0 ||| PLANNING D:1-11
   157 | D:1      | Reached XP level 2. HP: 16/16 MP: 3/3
   555 | D:1      | 555 ||| UPGRADING to amulet of guardian spirit.
   560 | D:1      | 560 ||| DROPPING ring of magical power.
   561 | D:1      | 561 ||| READING scroll labelled EGUEPNOEGAMN.
   562 | D:1      | 562 ||| READING scroll labelled LUREL IBUC.
   565 | D:1      | 565 ||| READING scroll labelled FYVIHO VUNTO.
   666 | D:1      | 666 ||| DRINKING 3 bubbling clear potions.
   667 | D:1      | 667 ||| DROPPING scroll of poison.
   681 | D:2      | Identified the +1 robe "Dueplae" {rF++}
   756 | D:2      | Reached skill level 3 in Ranged Weapons
   871 | D:2      | Reached XP level 3. HP: 11/21 MP: 0/4
  1199 | D:2      | Noticed Jessica
  1215 | D:2      | HP: 2/21 [Jessica/+0 dagger (4)]
  1219 | D:2      | Killed Jessica
  1220 | D:2      | Reached skill level 4 in Ranged Weapons
  1220 | D:2      | Reached XP level 4. HP: 4/26 MP: 1/5
  1340 | D:2      | Noticed Terence
  1348 | D:2      | HP: 1/26 [Terence/+1 flail of holy wrath (6)]
  1349 | D:2      | 1349 ||| DRINKING potion of heal wounds.
  1353 | D:2      | HP: 5/26 [Terence/+1 flail of holy wrath (1)]
  1354 | D:2      | Mangled by Terence

Levels and vault maps discovered:
D:1:      elethiomel_arrival_maze, layout_basic
D:2:      cheibrodos_greedy_goblins, layout_basic, chequers_arboretum,
          kennysheep_jessica_study, uniq_terence

Skill      XL: |  1  2  3 |
---------------+----------+-----
Ranged Weapons | 3 4 |  4.0
Fighting       | 2 |  2.1
Dodging        | |  1.5
Spellcasting   | |  1.0
Hexes          | |  2.6

Action                     |  1- 3 |  4- 6 || total
---------------------------+-------+-------++-------
   Fire: Sling             |    94 |    14 ||   108
    Use: Scroll            |     3 |       ||     3
         Potion            |     1 |     1 ||     2
 Armour: Robe              |    13 |     1 ||    14
  Dodge: Dodged            |    33 |     9 ||    42

Table legend:
 A = Non-vault XP
 B = Vault XP
 C = Vault XP percentage of total XP
 D = Non-vault monster count
 E = Vault monster count
 F = Vault count percentage of total count
                 A         B        C        D         E       F
            +---------+---------+-------+---------+---------+-------
      Total |      61 |      39 |  39.0 |      21 |       2 |   8.7
            +---------+---------+-------+---------+---------+-------
        D:1 |      16 |       0 |   0.0 |       9 |       0 |   0.0
        D:2 |      45 |      39 |  46.4 |      12 |       2 |  14.3
            +---------+---------+-------+---------+---------+-------
